 Dungeon Crawl Stone Soup version 0.23.1 (console) character file.

Game seed: 5508389173496689156

919 fly the Conjurer (level 8, -15/67 HPs)
             Began as an Ogre Fire Elementalist on Mar 8, 2019.
             Was a Follower of Uskayaw.
             Demolished by Dowan
             ... wielding a +1 dagger of electrocution
              (18 damage)
             ... on level 4 of the Dungeon.
             The game lasted 00:10:05 (4163 turns).

fly the Conjurer (Ogre Fire Elementalist)           Turns: 4163, Time: 00:10:05

Health: -15/67     AC:  3    Str: 13    XL:     8   Next: 9%
Magic:  0/12       EV: 10    Int: 16    God:    Uskayaw [*.....]
Gold:   199        SH:  0    Dex: 11    Spells: 6/13 levels left

rFire    . . .     SeeInvis .   a - +1 dagger (venom)
rCold    . . .     Gourm    .   (no shield)
rNeg     . . .     Faith    .   y - +0 robe
rPois    .         Spirit   .   (helmet restricted)
rElec    .         Reflect  .   (no cloak)
rCorr    .         Harm     .   (gloves unavailable)
MR       .....                  (boots unavailable)
Stlth    ++........             (no amulet)
HPRegen  0.21/turn              (no ring)
MPRegen  0.13/turn              (no ring)

@: lethally poisoned (-15 -> -15)
A: large, unfitting armour, tough skin 1
a: Stomp, Renounce Religion


You were on level 4 of the Dungeon.
You worshipped Uskayaw.
Uskayaw was noncommittal.
You were not hungry.

You visited 1 branch of the dungeon, and saw 4 of its levels.

You collected 199 gold pieces.

Inventory:

Hand Weapons
 a - a +1 dagger of venom (weapon)
 k - a +0 blowgun
Armour
 y - a +0 robe (worn)
Jewellery
 d - an uncursed ring of ice
Scrolls
 b - 4 scrolls of identify {unknown}
 h - a scroll of blinking {unknown}
 i - a scroll of teleportation {unknown}
 j - a scroll of remove curse {unknown}
 l - a scroll of noise {unknown}
Potions
 e - a potion of degeneration {unknown}
 g - a potion of might {unknown}
 m - a potion of lignification {unknown}
 n - a potion of cancellation {unknown}
Comestibles
 c - 4 rations


   Skills:
 - Level 3.0 Dodging
 - Level 1.4 Stealth
 - Level 3.0 Spellcasting
 * Level 5.8 Conjurations
 - Level 3.0 Hexes
 * Level 4.6 Fire Magic


You had 6 spell levels left.
You knew the following spells:

 Your Spells              Type           Power        Failure   Level  Hunger
c - Conjure Flame         Conj/Fire      ###.....     7%          3    ###....
n - Inner Flame           Hex/Fire       ##......     12%         3    ###....
z - Flame Tongue          Conj/Fire      ###..        2%          1    #......

Your spell library contained the following spells:

 Spells                   Type           Power        Failure   Level  Hunger
 Throw Flame              Conj/Fire      ###...       3%          2    ##.....
 Animate Skeleton         Necr           N/A          19%         1    #......
 Pain                     Necr           #...         19%         1    #......
 Sticky Flame             Conj/Fire      ###.....     22%         4    #####..
 Regeneration             Chrm/Necr      #.........   50%         3    ###....
 Vampiric Draining        Necr           #.........   50%         3    ###....
 Fireball                 Conj/Fire      ###.......   52%         5    ######.
 Animate Dead             Necr           N/A          88%         4    #####..


Dungeon Overview and Level Annotations

Branches:
Dungeon (4/15)
 Temple: D:4-7

Altars:
Cheibriados
Dithmenos
Fedhas
Qazlal
Ru
Sif Muna
Uskayaw
Vehumet

Shops:
D:4 *

Annotations:
D:4 Dowan


Innate Abilities, Weirdness & Mutations

You are too large for most types of armour.
You have tough skin. (AC +1)


Message History

Dowan hits you with a +1 dagger of electrocution.
* * * LOW HITPOINT WARNING * * *
Unknown command.
Okay, then.
Casting: Flame Tongue (safe; 2% risk of failure)
Confirm with . or Enter, or press ? or * to list all spells.
Aiming: Flame Tongue (safe; 2% risk of failure)
Press: ? - help, Shift-Dir - straight line, f - Dowan
Aim: Dowan, wielding a +1 dagger of electrocution and wearing a +0 robe (heavily wounded, fast, poisoned)
The flame tongue hits Dowan.
Dowan is severely wounded.
Dowan hits you with a +1 dagger of electrocution.
* * * LOW HITPOINT WARNING * * *
Unknown command.
Unknown command.
You feel sick.
Dowan hits you with a +1 dagger of electrocution.
* * * LOW HITPOINT WARNING * * *
You are electrocuted!!
You die...

#.. ... ..# #.# #.#
#.# #.# ### #.# #.#
#.# #.# #.#
#####.##### #.#
..........# #.#
#...#.###.#### #e#
#.....♣♣♣....###@#
#......♣......##.#
#..............#.#
..♣..........♣...#
.♣♣..........♣♣..##
..................#
.....≈≈≈≈≈≈.......#
....≈≈####≈≈......#
....≈## ##≈.....♣#


You could see Dowan.

Vanquished Creatures
  A hippogriff (D:3)
  Sigmund (D:3)
  Duvessa (D:4)
  A necrophage (D:4)
  2 orc priests (D:3)
  A jelly (D:4)
  An orc wizard (D:3)
  A centaur skeleton (D:4)
  An iguana (D:4)
  3 worker ants (D:4)
  3 adders
  2 oozes
  An adder skeleton (D:4)
  2 worms (D:2)
  A dart slug (D:1)
  2 leopard geckos
  9 orcs
  8 bats
  7 giant cockroaches
  10 goblins
  10 hobgoblins
  3 jackals (D:2)
  3 quokkas
  A ball python (D:1)
  6 frilled lizards
  14 kobolds
  6 rats
101 creatures vanquished.

Notes
Turn   | Place    | Note
-------+----------+-------------------------------------------
     0 | D:1      | fly the Ogre Fire Elementalist began the quest for the Orb.
     0 | D:1      | Reached XP level 1. HP: 16/16 MP: 3/3
    90 | D:1      | Reached skill level 1 in Conjurations
   137 | D:1      | Reached XP level 2. HP: 17/24 MP: 0/5
   636 | D:1      | Reached XP level 3. HP: 27/31 MP: 4/7
   986 | D:2      | Found a shadowy altar of Dithmenos.
  1156 | D:2      | Reached skill level 2 in Conjurations
  1224 | D:2      | Learned a level 3 spell: Conjure Flame
  1228 | D:2      | Learned a level 3 spell: Inner Flame
  1310 | D:2      | Reached XP level 4. HP: 39/39 MP: 5/8
  1467 | D:3      | Noticed a hippogriff
  1543 | D:3      | Found a hide-covered altar of Uskayaw.
  1545 | D:3      | Found a deep blue altar of Sif Muna.
  1546 | D:3      | Found a sacrificial altar of Ru.
  1546 | D:3      | Found a radiant altar of Vehumet.
  1886 | D:3      | Noticed a necrophage
  2090 | D:3      | Reached XP level 5. HP: 45/45 MP: 3/9
  2149 | D:3      | Reached skill level 3 in Conjurations
  2278 | D:4      | Killed a necrophage
  2278 | D:4      | Reached skill level 1 in Hexes
  2278 | D:4      | Reached XP level 6. HP: 50/52 MP: 1/10
  2534 | D:3      | Killed a hippogriff
  2534 | D:3      | Reached skill level 4 in Conjurations
  2534 | D:3      | Reached XP level 7. HP: 47/58 MP: 5/11
  2641 | D:3      | Noticed Sigmund
  2953 | D:3      | Found a stormy altar of Qazlal.
  2954 | D:3      | Found a snail-covered altar of Cheibriados.
  2983 | D:3      | Became a worshipper of Uskayaw the Reveler
  3024 | D:3      | Reached * piety under Uskayaw
  3026 | D:3      | Reached ** piety under Uskayaw
  3040 | D:3      | Killed Sigmund
  3040 | D:3      | Reached skill level 5 in Conjurations
  3558 | D:4      | Found a blossoming altar of Fedhas.
  4051 | D:4      | Found Fipuwev's Assorted Antiques.
  4139 | D:4      | Noticed Dowan
  4142 | D:4      | Noticed Duvessa
  4154 | D:4      | Killed Duvessa
  4154 | D:4      | Reached XP level 8. HP: 31/67 MP: 0/12
  4163 | D:4      | HP: 3/67 [Dowan/+1 dagger of electrocution (3)]
  4163 | D:4      | Demolished by Dowan

Skill      XL: |  1  2  3  4  5  6  7 |
---------------+----------------------+-----
Conjurations   | 1 2 3 4 5 |  5.8
Dodging        | 2 3 |  3.0
Fire Magic     | 3 4 |  4.6
Spellcasting   | 3 |  3.0
Hexes          | 1 2 3 |  3.0
Stealth        | |  1.4

Action                   |  1- 3 |  4- 6 |  7- 9 || total
-------------------------+-------+-------+-------++-------
Melee: Dagger            |    35 |    43 |    35 ||   113
 Cast: Flame Tongue      |    67 |    45 |    79 ||   191
       Conjure Flame     |       |     2 |     3 ||     5
  Use: Potion            |       |       |     2 ||     2
 Stab: Sleeping          |     1 |     1 |       ||     2
  Eat: Chunk             |     1 |     4 |     6 ||    11
Armor: Robe              |    27 |    12 |    19 ||    58
Dodge: Dodged            |    29 |    37 |    35 ||   101
